 Dungeon Crawl Stone Soup version 0.23.0-3-gf3c87f2 (webtiles) character file.

Game seed: 9692246576890634598

831 Clumpoid the Conjurer (level 7, -5/51 HPs)
             Began as a Gnoll Conjurer on Feb 24, 2019.
             Slain by BecksGhost's ghost (7 damage)
             ... on level 5 of the Dungeon.
             The game lasted 00:11:36 (4683 turns).

Clumpoid the Conjurer (Gnoll Conjurer)              Turns: 4683, Time: 00:11:36

Health: -5/51      AC:  6    Str: 10 (11) XL:     7   Next: 98%
Magic:  15/15      EV: 16    Int: 18 (19) God:
Gold:   93         SH:  0    Dex: 18 (21) Spells: 8/17 levels left

rFire    . . .     SeeInvis .   j - +3 quarterstaff (chaos)
rCold    . . .     Gourm    .   (shield currently unavailable)
rNeg     . . .     Faith    .   t - +2 robe {MR+}
rPois    .         Spirit   .   (no helmet)
rElec    .         Reflect  .   l - +0 cloak
rCorr    .         Harm     .   f - +0 pair of gloves
MR       +....                  (no boots)
Stlth    +++.......             (no amulet)
HPRegen  0.17/turn              h - +6 ring of dexterity
MPRegen  0.14/turn              (no ring)

@: hasted, very quick
A: distributed training, fangs 1, strong nose
a: no special abilities


You were on level 5 of the Dungeon.
You were not hungry.

You visited 1 branch of the dungeon, and saw 5 of its levels.

You collected 174 gold pieces.
You spent 81 gold pieces at shops.

Inventory:

Hand Weapons
 j - a +3 quarterstaff of chaos (weapon)
Armour
 f - a +0 pair of gloves (worn)
 l - a +0 cloak (worn)
 t - a +2 robe of magic resistance (worn)
Jewellery
 a - an uncursed ring of fire {unknown}
 h - a +6 ring of dexterity (left hand)
 u - a +3 amulet of reflection {unknown}
Wands
 m - a wand of enslavement (15)
 o - a wand of polymorph (4)
 v - a wand of acid (6)
Scrolls
 b - a scroll of teleportation
 i - 6 scrolls of remove curse
 q - a scroll of magic mapping {unknown}
 r - a scroll of fog
Potions
 e - a potion of might
 g - 3 potions of curing
 k - a potion of agility
 p - a potion of haste
 s - a potion of heal wounds {unknown}
Comestibles
 c - 10 rations
 n - a chunk of flesh


   Skills:
 + Level 2.7 Fighting
 + Level 2.7 Short Blades
 + Level 2.7 Long Blades
 + Level 2.7 Axes
 + Level 2.7 Maces & Flails
 + Level 2.7 Polearms
 + Level 2.7 Staves
 + Level 2.7 Slings
 + Level 2.7 Bows
 + Level 2.7 Crossbows
 + Level 2.7 Throwing
 + Level 2.7 Armour
 + Level 5.4 Dodging
 + Level 5.0 Stealth
 + Level 2.7 Shields
 + Level 2.7 Unarmed Combat
 + Level 5.7 Spellcasting
 + Level 7.5 Conjurations
 + Level 2.2 Hexes
 + Level 2.2 Charms
 + Level 2.2 Summonings
 + Level 2.2 Necromancy
 + Level 2.2 Translocations
 + Level 2.2 Transmutations
 + Level 2.2 Fire Magic
 + Level 2.2 Ice Magic
 + Level 2.2 Air Magic
 + Level 2.2 Earth Magic
 + Level 2.2 Poison Magic
 + Level 3.0 Invocations
 + Level 2.7 Evocations


You had 8 spell levels left.
You knew the following spells:

 Your Spells              Type           Power        Failure   Level  Hunger
a - Iskenderun's Mystic   Conj           ####....     5%          4    ####...
y - Fulminant Prism       Conj/Hex       ###.......   16%         4    ####...
z - Magic Dart            Conj           ####         1%          1    None

Your spell library contained the following spells:

 Spells                   Type           Power        Failure   Level  Hunger
 Searing Ray              Conj           ####..       1%          2    None
 Dazzling Spray           Conj/Hex       ###...       4%          3    ##.....
 Force Lance              Conj/Tloc      ###.....     16%         4    ####...


Dungeon Overview and Level Annotations

Branches:
Dungeon (5/15)
 Temple: D:4-7

Altars:
Elyvilon
Fedhas
Qazlal
Ru
Sif Muna
Uskayaw
The Shining One

Shops:
D:4 [

Annotations:
D:5 BecksGhost's ghost, novice TrMo


Innate Abilities, Weirdness & Mutations

Your experience applies equally to all skills.
You have very sharp teeth.
Your uncanny sense of smell can sniff out nearby items.


Message History

BecksGhost's ghost hits you.
You sock BecksGhost's ghost! You freeze BecksGhost's ghost.
Your bite misses BecksGhost's ghost.
BecksGhost's ghost is severely damaged.
BecksGhost's ghost says, "I was like you once."
BecksGhost's ghost hits you!
* * * LOW HITPOINT WARNING * * *
BecksGhost's ghost hits you but does no damage.
You feel yourself speed up. BecksGhost's ghost misses you.
You hit BecksGhost's ghost.
BecksGhost's ghost is severely damaged.
You closely miss BecksGhost's ghost.
BecksGhost's ghost is severely damaged.
BecksGhost's ghost hits you!
* * * LOW HITPOINT WARNING * * *
It was a potion of degeneration.
There was something very wrong with that liquid.
You feel weakened.
You feel dopey.
You feel clumsy. BecksGhost's ghost hits you!
You die...

#####.######.....#.#
.........# #..#########
###.####.# #.(#...(.(.#
#.....##.# #..#((.....#
......)#.# #..#....(..#
.......#.# #..#..(....#
..._.....###..#(....8.#
.......#......###W''###.
###
.......#.###.<..@.......
#.. #.....##.#
#............ #..
###.####.# #..........##
#.. .........#
#!.........# ##..
.........# #..........#
##... .........#
#..........# #...#
.........# #..........#
#...# .........#
#..........# #...#
######.### . #...#


You could see BecksGhost's ghost.

Vanquished Creatures
  A black bear (D:5)
  An ogre (D:5)
  A crimson imp (D:5)
  A centaur zombie (D:3)
  3 centaur skeletons
  2 orc priests (D:4)
  Crazy Yiuf (D:2)
  A hound (D:5)
  An iguana (D:4)
  Terence (D:3)
  Natasha (thrice) (D:2)
  2 orc wizards
  2 worker ants (D:5)
  Robin (D:3)
  5 adders
  2 oozes
  A dart slug (D:2)
  3 leopard geckos
  11 orcs
  5 giant cockroaches
  14 goblins
  9 hobgoblins
  3 jackals (D:1)
  6 kobolds
  5 quokkas
  2 ball pythons (D:2)
  7 bats
  A frilled lizard (D:2)
  5 rats
100 creatures vanquished.

Vanquished Creatures (others)
  6 fulminant prisms
  A fungus (D:3)
7 creatures vanquished.

Grand Total: 107 creatures vanquished

Notes
Turn   | Place    | Note
-------+----------+-------------------------------------------
     0 | D:1      | Clumpoid the Gnoll Conjurer began the quest for the Orb.
     0 | D:1      | Reached XP level 1. HP: 13/13 MP: 6/6
   129 | D:1      | Reached XP level 2. HP: 19/19 MP: 5/7
   629 | D:1      | Reached XP level 3. HP: 25/25 MP: 7/9
   967 | D:2      | Found a glowing golden altar of the Shining One.
   968 | D:2      | Reached skill level 5 in Spellcasting
  1201 | D:2      | Reached skill level 1 in Invocations
  1295 | D:2      | Reached skill level 1 in Fighting
  1295 | D:2      | Reached skill level 1 in Short Blades
  1295 | D:2      | Reached skill level 1 in Long Blades
  1295 | D:2      | Reached skill level 1 in Axes
  1295 | D:2      | Reached skill level 1 in Maces & Flails
  1295 | D:2      | Reached skill level 1 in Polearms
  1295 | D:2      | Reached skill level 1 in Staves
  1295 | D:2      | Reached skill level 1 in Slings
  1295 | D:2      | Reached skill level 1 in Bows
  1295 | D:2      | Reached skill level 1 in Crossbows
  1295 | D:2      | Reached skill level 1 in Throwing
  1295 | D:2      | Reached skill level 1 in Armour
  1295 | D:2      | Reached skill level 1 in Shields
  1295 | D:2      | Reached skill level 1 in Unarmed Combat
  1295 | D:2      | Reached skill level 1 in Evocations
  1336 | D:2      | Noticed Natasha
  1340 | D:2      | Killed Natasha
  1340 | D:2      | Reached XP level 4. HP: 32/32 MP: 6/11
  1358 | D:2      | Noticed Natasha
  1361 | D:2      | Killed Natasha
  1361 | D:2      | Reached skill level 1 in Hexes
  1361 | D:2      | Reached skill level 1 in Charms
  1361 | D:2      | Reached skill level 1 in Summonings
  1361 | D:2      | Reached skill level 1 in Necromancy
  1361 | D:2      | Reached skill level 1 in Translocations
  1361 | D:2      | Reached skill level 1 in Transmutations
  1361 | D:2      | Reached skill level 1 in Fire Magic
  1361 | D:2      | Reached skill level 1 in Ice Magic
  1361 | D:2      | Reached skill level 1 in Air Magic
  1361 | D:2      | Reached skill level 1 in Earth Magic
  1361 | D:2      | Reached skill level 1 in Poison Magic
  1505 | D:2      | Found a runed translucent door.
  1506 | D:2      | Noticed Crazy Yiuf
  1513 | D:2      | Killed Crazy Yiuf
  1513 | D:2      | Reached XP level 5. HP: 29/37 MP: 7/12
  1795 | D:2      | Noticed Natasha
  1798 | D:2      | Killed Natasha
  2121 | D:3      | Found a stormy altar of Qazlal.
  2192 | D:3      | Noticed Robin
  2202 | D:3      | Killed Robin
  2202 | D:3      | Reached XP level 6. HP: 35/44 MP: 2/13
  2305 | D:3      | Learned a level 4 spell: Iskenderun's Mystic Blast
  2519 | D:3      | Noticed Terence
  2526 | D:3      | Killed Terence
  2770 | D:3      | Found a blossoming altar of Fedhas.
  2938 | D:4      | Learned a level 4 spell: Fulminant Prism
  3130 | D:4      | Reached skill level 5 in Dodging
  3171 | D:4      | HP: 2/44 [centaur skeleton (5)]
  3360 | D:4      | Reached XP level 7. HP: 32/50 MP: 10/15
  3873 | D:4      | Found a hide-covered altar of Uskayaw.
  3927 | D:4      | Found Kabunow's Antique Armour Boutique.
  3935 | D:4      | Bought an embroidered robe for 81 gold pieces
  4062 | D:5      | Entered Level 5 of the Dungeon
  4087 | D:5      | Found a deep blue altar of Sif Muna.
  4203 | D:5      | Reached skill level 5 in Stealth
  4498 | D:5      | Found a white marble altar of Elyvilon.
  4604 | D:5      | Found a sacrificial altar of Ru.
  4667 | D:5      | Found a runed translucent gate.
  4667 | D:5      | Found a runed translucent gate.
  4667 | D:5      | Found a runed translucent gate.
  4667 | D:5      | Noticed BecksGhost's ghost (novice TrMo)
  4682 | D:5      | HP: 2/51 [BecksGhost's ghost (10)]
  4683 | D:5      | Slain by BecksGhost's ghost

Skill      XL: |  1  2  3  4  5  6  7 |
---------------+----------------------+-----
Spellcasting   | 5 |  5.7
Invocations    | 1 2 3 |  3.0
Fighting       | 1 2 |  2.7
Short Blades   | 1 2 |  2.7
Long Blades    | 1 2 |  2.7
Axes           | 1 2 |  2.7
Maces & Flails | 1 2 |  2.7
Polearms       | 1 2 |  2.7
Staves         | 1 2 |  2.7
Slings         | 1 2 |  2.7
Bows           | 1 2 |  2.7
Crossbows      | 1 2 |  2.7
Throwing       | 1 2 |  2.7
Armour         | 1 2 |  2.7
Shields        | 1 2 |  2.7
Unarmed Combat | 1 2 |  2.7
Evocations     | 1 2 |  2.7
Hexes          | 1 2 |  2.2
Charms         | 1 2 |  2.2
Summonings     | 1 2 |  2.2
Necromancy     | 1 2 |  2.2
Translocations | 1 2 |  2.2
Transmutations | 1 2 |  2.2
Fire Magic     | 1 2 |  2.2
Ice Magic      | 1 2 |  2.2
Air Magic      | 1 2 |  2.2
Earth Magic    | 1 2 |  2.2
Poison Magic   | 1 2 |  2.2
Dodging        | 5 |  5.4
Stealth        | 5 |  5.0
Conjurations   | |  7.5

Action                   |  1- 3 |  4- 6 |  7- 9 || total
-------------------------+-------+-------+-------++-------
Melee: Unarmed           |     4 |       |       ||     4
       Bite              |     1 |     2 |     4 ||     7
       Quarterstaff      |       |    25 |    34 ||    59
 Cast: Magic Dart        |    58 |   100 |    33 ||   191
       Iskenderun's Myst |       |     4 |       ||     4
       Fulminant Prism   |       |     2 |     4 ||     6
Evoke: Wand              |       |     2 |       ||     2
  Use: Potion            |       |     2 |     4 ||     6
       Scroll            |       |       |     6 ||     6
 Stab: Paralysed         |       |     1 |       ||     1
  Eat: Chunk             |     1 |     7 |     5 ||    13
Armor: Robe              |       |     6 |     5 ||    11
Dodge: Dodged            |     9 |    28 |    24 ||    61
